 Dungeon Crawl Stone Soup version 0.30.1-1-g62c8e00024 (webtiles) character file.

Game seed: 10038859588045101148

28541 Fodor the Blocker (level 13, -36/125 HPs)
             Began as a Minotaur Fighter on July 14, 2023.
             Was an Initiate of Gozag.
             Annihilated by an enormous slime creature (74 damage)
             ... on level 14 of the Dungeon on July 15, 2023.
             The game lasted 01:22:43 (17033 turns).

Fodor the Blocker (Minotaur Fighter)               Turns: 17033, Time: 01:22:45

Health: -36/125    AC: 29    Str: 25    XL:     13   Next: 10%
Magic:  12/12      EV: 11    Int:  5    God:    Gozag
Gold:   1112       SH:  5    Dex: 11    Spells: 12/12 levels left

rFire   . . .        J - +3 flail (heavy)
rCold   . . .        (no shield)
rNeg    . . .        y - +1 crystal plate armour
rPois   +            (helmet restricted)
rElec   .            A - +2 cloak
rCorr   .            c - +0 pair of gloves
SInv    .            p - +0 pair of boots
Will    .....        U - amulet of reflection Stlth
                     S - +5 ring of evasion
HPRegen 0.40/turn    N - ring of poison resistance
MPRegen 0.13/turn

%: reflection
@: studying Throwing, unable to drink
A: horns 2, retaliatory headbutt, robust 1, inability to drink after injury 1
a: Renounce Religion, Potion Petition, Call Merchant, Bribe Branch


You were on level 14 of the Dungeon.
You worshipped Gozag.
Gozag was most pleased with you.
You visited 1 branch of the dungeon, and saw 14 of its levels.
You also visited: Ossuary.

You collected 3575 gold pieces.
You spent 2365 gold pieces at shops.
You paid 98 gold pieces to Gozag.

Inventory:

Hand Weapons
 J - a +3 heavy flail (weapon)
 V - a +2 shortbow of flaming
Missiles
 e - 2 curare-tipped darts
 j - 5 atropa-tipped darts
 C - 36 poisoned darts (quivered)
 E - a throwing net
 Z - 6 silver boomerangs
Armour
 c - a +0 pair of gloves (worn)
 p - a +0 pair of boots (worn)
 u - the +2 leather armour of Egror {Harm Rampage Will- Stlth+}
   (You found it on level 9 of the Dungeon)

   Harm:      It increases damage dealt and taken.
   Rampage:   It bestows one free step when moving towards enemies.
   Will:      It decreases your willpower.
   Stlth:     It makes you more stealthy.
 y - a +1 crystal plate armour (worn)
 A - a +2 cloak (worn)
 R - a +0 tower shield of fire resistance
Jewellery
 h - a +5 ring of evasion
 v - a ring of fire
 M - a ring of ice
 N - a ring of poison resistance (right hand)
 S - a +5 ring of evasion (left hand)
 T - a ring of ice
 U - an amulet of reflection (around neck)
Wands
 m - a wand of flame (16)
 s - a wand of polymorph (1)
 x - a wand of roots (20)
 G - a wand of digging (13)
 K - a wand of light (12)
Scrolls
 i - a scroll of vulnerability
 k - a scroll of brand weapon
 o - a scroll of torment
 q - 3 scrolls of immolation
 r - 2 scrolls of teleportation
 w - 4 scrolls of fog
 D - 4 scrolls of amnesia
 H - a scroll of acquirement {unknown}
 I - a scroll of noise {unknown}
 L - a scroll of magic mapping {unknown}
 O - 2 scrolls of poison
 W - a scroll of silence
 X - 2 scrolls of identify
Potions
 a - a potion of berserk rage {unknown}
 b - 4 potions of flight
 d - 6 potions of might
 f - a potion of attraction {unknown}
 g - 2 potions of invisibility
 l - a potion of magic {unknown}
 n - 4 potions of brilliance
 t - 2 potions of lignification {unknown}
 z - a potion of resistance {unknown}
 F - 2 potions of mutation
 P - 2 potions of haste
 Q - 2 potions of cancellation
Miscellaneous
 B - a phial of floods
 Y - a condenser vane


   Skills:
 + Level 10.3 Fighting
 + Level 4.1 Long Blades
 + Level 5.8(10.1) Axes
 + Level 12.7(13.2) Maces & Flails
 + Level 3.8 Ranged Weapons
 + Level 3.7 Throwing
 + Level 12.6 Armour
 + Level 4.4 Dodging
 + Level 1.4 Stealth
 + Level 14.8 Shields


You had 12 spell levels left.
You didn't know any spells.
Your spell library contained the following spells:

 Spells                   Type           Power      Damage    Failure   Level
 Foxfire                  Conj/Fire      0%         2x1d4     100%        1
 Shock                    Conj/Air       0%         1d3       100%        1
 Summon Small Mammal      Summ           0%         N/A       100%        1
 Sublimation of Blood     Necr           0%         N/A       100%        2
 Call Canine Familiar     Summ           0%         N/A       100%        3
 Inner Flame              Hex/Fire       0%         N/A       100%        3
 Summon Guardian Golem    Hex/Summ       0%         N/A       100%        3
 Swiftness                Air            0%         N/A       100%        3
 Vhi's Electric Charge    Tloc/Air       0%         N/A       100%        3
 Airstrike                Air            0%         2d(0-16)  100%        4
 Cause Fear               Hex            0%         N/A       100%        4
 Flame Wave               Conj/Fire      0%         2d4       100%        4
 Manifold Assault         Tloc           0%         N/A       100%        4
 Petrify                  Tmut/Erth      0%         N/A       100%        4
 Sticky Flame             Conj/Fire      0%         2d3       100%        4
 Arcjolt                  Conj/Air       0%         1d10      100%        5
 Fireball                 Conj/Fire      0%         3d3       100%        5
 Irradiate                Conj/Tmut      0%         3d11      100%        5
 Dispersal                Tloc           0%         N/A       100%        6
 Plasma Beam              Fire/Air       0%         2x1d11    100%        6
 Starburst                Conj/Fire      0%         6d3       100%        6
 Dragon Form              Tmut           0%         N/A       100%        7
 Disjunction              Tloc           0%         N/A       100%        8
 Dragon's Call            Summ           0%         N/A       100%        9


Dungeon Overview and Level Annotations

Branches:
Dungeon (14/15)            Temple (0/1) D:7            Lair (0/5) D:8
    Orc (0/2) D:9         Ossuary (visited)
 Vaults: D:13-14

Altars:
Ashenzari
Cheibriados
Dithmenos
Elyvilon
Fedhas
Gozag
Kikubaaqudgha
Nemelex Xobeh
Ru
Sif Muna
Uskayaw
Vehumet
Wu Jian
Yredelemnul

Shops:
D:2 [*!*:   D:6 [=   D:10 (


Innate Abilities, Weirdness & Mutations

You have a pair of horns on your head.
You reflexively headbutt those who attack you in melee.
You are robust. (+10% HP)
You occasionally lose the ability to drink potions when taking damage.


Message History

You headbutt the enormous slime creature!
You barely miss the enormous slime creature.
The enormous slime creature is moderately wounded.
The enormous slime creature barely misses you.
You bludgeon the enormous slime creature!!
You headbutt the enormous slime creature!
The enormous slime creature is heavily wounded.
A centaur warrior comes into view.
The enormous slime creature hits you!!
You feel threatened and lose the ability to drink potions!
* * * LOW HITPOINT WARNING * * *
The centaur warrior wields a +0 shortbow.
The centaur warrior shoots an arrow.
The arrow hits you but does no damage.
Unknown command.
The centaur warrior unwields a +0 shortbow.
The centaur warrior hits you but does no damage.
You block the centaur warrior's attack.
You bludgeon the centaur warrior!!
The centaur warrior is moderately wounded.
The centaur warrior hits you but does no damage.
The centaur warrior barely misses you.
The enormous slime creature hits you but does no damage.
The centaur warrior hits you but does no damage.
The centaur warrior kicks you but does no damage.
The enormous slime creature hits you but does no damage.
You barely miss the centaur warrior.
The centaur warrior is moderately wounded.
The centaur warrior hits you but does no damage.
The centaur warrior misses you.
The enormous slime creature closely misses you.
You furiously retaliate!
You headbutt the enormous slime creature!
You sock the centaur warrior!
The centaur warrior is heavily wounded.
The centaur warrior hits you. You block the centaur warrior's attack.
The centaur warrior barely misses you. The centaur warrior closely misses you.
The enormous slime creature hits you!!!!
Ouch! That really hurt!
You die...
Your body crumbles into a pile of gold.

##.# ... ..
####### .#
.>..... #.##
.......#...##
........#...#
......J#J#.#
.....J.##@.#
....... ##c#
.....). ##
###.### .. ..


You could see an enormous slime creature and a centaur warrior.

Vanquished Creatures
  A hydra (D:13)
  A catoblepas (D:13)
  2 centaur warriors
  2 two-headed ogres
  3 death yaks (D:12)
  3 skeletal warriors (D:12)
  3 deep elf pyromancers
  4 cyclopes
  A manticore (D:11)
  15 slime creatures
  An unseen horror (D:11)
  A gargoyle (D:13)
  3 kobold demonologists
  Psyche (D:10)
  3 trolls (D:12)
  A hornet (D:9)
  A dream sheep (shapeshifter) (D:13)
  3 wraiths
  3 water elementals (D:13)
  30 yaks
  2 vampires
  4 wyverns
  Eustachio (D:4)
  An unseen horror simulacrum (D:9)
  3 steam dragons
  Edmund (D:5)
  7 vampire mosquitoes
  An acid dragon (D:10)
  5 orc warriors
  4 water moccasins
  Duvessa (D:7)
  2 ice beasts
  A sky beast (D:7)
  3 black bears
  An ogre (D:7)
  8 centaurs
  2 phantoms
  6 kobold brigands
  5 bullfrogs
  A scorpion (D:5)
  4 wights (D:10)
  4 killer bees (D:9)
  7 electric eels
  2 howler monkeys
  A centaur zombie (Ossuary)
  A human zombie (Ossuary)
  A jelly (D:6)
  A sleepcap (D:5)
  5 orc priests
  A gnoll bouda (D:7)
  4 hounds
  An iron imp (D:4)
  Jessica (D:2)
  14 orc wizards
  An iguana (D:7)
  2 mummies (Ossuary)
  9 gnolls
  6 adders
  5 white imps
  An ufetubus (D:6)
  4 adder zombies (Ossuary)
  A worm (D:4)
  A dart slug (D:1)
  38 orcs
  3 bats
  7 endoplasms
  2 giant cockroaches
  7 goblins
  8 hobgoblins
  4 jackals (D:3)
  4 quokkas
  3 ball pythons
  3 frilled lizards
  11 hobgoblin zombies (Ossuary)
  A jackal zombie (Ossuary)
  42 kobolds
  9 kobold zombies (Ossuary)
  7 orc zombies (Ossuary)
  12 rats
  3 rat zombies (Ossuary)
382 creatures vanquished.

Vanquished Creatures (others)
  Dowan (D:7)
1 creature vanquished.

Grand Total: 383 creatures vanquished

Notes
Turn   | Place    | Note
-------+----------+-------------------------------------------
     0 | D:1      | Fodor the Minotaur Fighter began the quest for the Orb.
     0 | D:1      | Reached XP level 1. HP: 19/19 MP: 0/0
   222 | D:1      | Reached XP level 2. HP: 27/27 MP: 1/1
   429 | D:1      | Reached skill level 4 in Shields
   905 | D:1      | Reached XP level 3. HP: 33/33 MP: 2/2
  1056 | D:2      | Found Hoytiemn's Distillery.
  1077 | D:2      | Bought a potion of flight for 36 gold pieces
  1077 | D:2      | Bought a potion of brilliance for 48 gold pieces
  1077 | D:2      | Bought a potion of degeneration for 12 gold pieces
  1097 | D:2      | Found Zeasy's Book Shop.
  1097 | D:2      | Found Raituwn's Assorted Antiques.
  1366 | D:2      | Noticed Jessica
  1375 | D:2      | Killed Jessica
  1376 | D:2      | Reached XP level 4. HP: 40/40 MP: 3/3
  1428 | D:2      | Found Tofeg Ykhlaw's Assorted Antiques.
  1513 | D:2      | Found Urifeh's Antique Armour Emporium.
  2388 | D:4      | Reached XP level 5. HP: 47/47 MP: 4/4
  2539 | D:4      | Noticed Eustachio
  2570 | D:4      | Killed Eustachio
  2571 | D:4      | Reached skill level 5 in Armour
  2571 | D:4      | Reached XP level 6. HP: 55/55 MP: 5/5
  3073 | D:4      | Found a snail-covered altar of Cheibriados.
  3083 | D:4      | Reached skill level 5 in Fighting
  3166 | D:4      | Found an opulent altar of Gozag.
  3166 | D:4      | Noticed an orc warrior
  3189 | D:4      | Killed an orc warrior
  3311 | D:4      | Found a radiant altar of Vehumet.
  3446 | D:4      | Became a worshipper of Gozag Ym Sagoz the Greedy
  3639 | D:5      | Entered Level 5 of the Dungeon
  3650 | D:5      | Noticed Edmund
  3665 | D:5      | Killed Edmund
  3666 | D:5      | Reached skill level 5 in Shields
  3666 | D:5      | Reached XP level 7. HP: 30/61 MP: 6/6
  3941 | D:5      | Reached skill level 1 in Dodging
  4021 | D:5      | Reached skill level 5 in Axes
  4029 | D:5      | HP: 2/61 [constriction (3)]
  4117 | D:5      | Reached skill level 1 in Maces & Flails
  4218 | D:5      | Reached XP level 8. HP: 69/70 MP: 7/7
  4254 | D:5      | Found a shadowy altar of Dithmenos.
  4564 | D:6      | Found a sand-covered staircase.
  4570 | Ossuary  | Entered an ossuary
  5014 | D:6      | Found Zumiawn's Antique Armour Shoppe.
  5043 | D:6      | Bought a glowing tower shield for 187 gold pieces
  5112 | D:6      | Reached skill level 5 in Maces & Flails
  5116 | D:6      | HP: 1/71 [acid (5)]
  5159 | D:6      | Reached skill level 6 in Shields
  5232 | D:6      | Reached skill level 1 in Throwing
  5232 | D:6      | Reached XP level 9. HP: 53/78 MP: 5/8
  5552 | D:6      | Found Yrruhaq's Jewellery Shoppe.
  5623 | D:7      | Found a sacrificial altar of Ru.
  5804 | D:7      | Reached skill level 7 in Shields
  5991 | D:6      | Bought a +5 ring of evasion for 468 gold pieces
  6266 | D:7      | Found a staircase to the Ecumenical Temple.
  6322 | D:7      | Noticed Duvessa
  6323 | D:7      | Noticed Dowan
  6334 | D:7      | Killed Duvessa
  6335 | D:7      | Reached skill level 8 in Shields
  6335 | D:7      | Killed Dowan
  6569 | D:8      | Reached skill level 1 in Stealth
  6611 | D:8      | Found a staircase to the Lair.
  6629 | D:8      | Noticed a two-headed ogre
  6632 | D:8      | Reached skill level 9 in Shields
  6632 | D:8      | Reached XP level 10. HP: 86/86 MP: 9/9
  6639 | D:8      | Killed a two-headed ogre
  6894 | D:8      | Found a broken altar of Ashenzari.
  7174 | D:8      | Found an ornate altar of the Wu Jian Council.
  7681 | D:9      | Identified the +2 leather armour of Egror {Harm Rampage
                  | Will- Stlth+}
  7687 | D:9      | Reached skill level 10 in Shields
  7765 | D:9      | Found a shimmering blue altar of Sif Muna.
  7765 | D:9      | Found a white marble altar of Elyvilon.
  7873 | D:9      | Found a staircase to the Orcish Mines.
  8170 | D:9      | Reached skill level 1 in Ranged Weapons
  8634 | D:9      | Noticed a centaur warrior
  8654 | D:9      | Killed an enormous slime creature
  8655 | D:9      | Reached skill level 11 in Shields
  8655 | D:9      | Reached XP level 11. HP: 10/95 MP: 10/10
  8683 | D:10     | Entered Level 10 of the Dungeon
  8930 | D:9      | Killed a centaur warrior
  8931 | D:9      | Reached skill level 10 in Armour
  8947 | D:9      | Reached skill level 10 in Maces & Flails
  9194 | D:9      | Found a basalt altar of Yredelemnul.
  9299 | D:9      | Found a sparkling altar of Nemelex Xobeh.
  9303 | D:9      | Found an ancient bone altar of Kikubaaqudgha.
  9304 | D:9      | Found a blossoming altar of Fedhas.
 10163 | D:10     | Reached skill level 12 in Shields
 10456 | D:10     | Found Rythraacu's Antique Weapon Emporium.
 10467 | D:10     | Bought a glowing shortbow for 222 gold pieces
 10499 | D:10     | Noticed Psyche
 10520 | D:10     | Killed Psyche
 11530 | D:12     | Noticed a skeletal warrior
 11540 | D:12     | HP: 3/97 [skeletal warrior/+0 halberd (11)]
 11560 | D:12     | Killed a skeletal warrior
 11842 | D:12     | Noticed a skeletal warrior
 11843 | D:12     | Noticed a skeletal warrior
 11854 | D:12     | Killed a skeletal warrior
 11865 | D:12     | Killed a skeletal warrior
 11866 | D:12     | Reached XP level 12. HP: 32/104 MP: 11/11
 12110 | D:12     | Found a hide-covered altar of Uskayaw.
 12432 | D:12     | Reached skill level 13 in Shields
 13595 | D:12     | Noticed a death yak
 13595 | D:12     | Noticed a death yak
 13599 | D:12     | Noticed a death yak
 13646 | D:12     | Killed a death yak
 13925 | D:12     | Killed a death yak
 13931 | D:12     | Killed a death yak
 13932 | D:12     | Reached skill level 14 in Shields
 13951 | D:12     | Gained mutation: You occasionally lose the ability to drink
                  | potions when taking damage. [potion of mutation]
 13951 | D:12     | Gained mutation: You are robust. (+10% HP) [potion of
                  | mutation]
 15215 | D:13     | Reached skill level 10 in Fighting
 15355 | D:13     | Noticed a catoblepas
 15364 | D:13     | Killed a catoblepas
 15672 | D:13     | Noticed a five-headed hydra
 15673 | D:13     | Noticed a two-headed ogre
 15677 | D:13     | Noticed a centaur warrior
 15681 | D:13     | Killed a five-headed hydra
 15682 | D:13     | Reached XP level 13. HP: 96/124 MP: 12/12
 16366 | D:2      | Bought a condenser vane for 1120 gold pieces
 16366 | D:2      | Bought a scroll of identify for 56 gold pieces
 16384 | D:2      | Bought a potion of might for 48 gold pieces
 16384 | D:2      | Bought a potion of might for 48 gold pieces
 16384 | D:2      | Bought a potion of haste for 120 gold pieces
 17033 | D:14     | Annihilated by an enormous slime creature

Illustrated notes

Levels and vault maps discovered:
D:1:      eino_arrival_tree_alley, layout_loops_corners, minmay_misc_feat_five,
          roderic_malta_cross, minmay_rat_gold_closets
D:2:      layout_rooms, serial_shops, nicolae_shop_statue_plus, shop, shop,
          shop, shop, uniq_jessica
D:3:      layout_basic, minivault_14
D:4:      layout_loops_ring, mainiacjoe_overflow_catwalk_spiral, slow_altar_2,
          kennysheep_generic_room_3, uniq_eustachio
D:5:      layout_basic, grunt_dithmenos_smoke, uniq_edmund
D:6:      layout_cave_pools, serial_shops, nicolae_take_the_stairs, shop,
          nicolae_ossuary_entry_plus, minmay_manual_mess
D:7:      black_bear_nest_2, layout_rooms, nicolae_ru_sacrificial_ziggurat,
          lemuel_temple_firewalk_b, uniq_duvessa
D:8:      layout_rooms, nzn_wu_jian_council_hall, mainiacjoe_overflow_paths,
          due_lair_maze_entry_diamond, serial_park_tiny_1
D:9:      kennysheep_steamy, layout_long_grid, minitemple,
          gammafunk_temple_overflow_wave, serial_ice, serial_ice_m,
          serial_ice_b, serial_ice_l, serial_ice_f, grunt_potential
D:10:     layout_gridville, serial_shops, shop, dreamdust_mushroom_princess,
          uniq_psyche
D:11:     layout_cave_pools
D:12:     argonaut_augean_stables, layout_gridville, nicolae_uskayaw_en_pointe
D:13:     layout_basic
D:14:     layout_loops_cross, ximxim_vaults_locker_room,
          nicolae_hepliaklqana_hippocampus, nicolae_trove_entry_crystal,
          elyvilon_altar_1, uniq_azrael, uniq_louise

Skill      XL: |  1  2  3  4  5  6  7  8  9 10 11 12 |
---------------+-------------------------------------+-----
Fighting       | 4 5 6 7 8 9 10 | 10.3
Shields        | 4 5 6 9 11 12 14 | 14.8
Long Blades    | 3 4 |  4.1
Armour         | 4 5 6 7 8 9 10 12 | 12.6
Axes           | 2 4 5 |  5.8
Dodging        | 2 3 4 |  4.4
Maces & Flails | 1 5 7 9 11 12 | 12.7
Throwing       | 1 2 3 |  3.7
Stealth        | 1 |  1.4
Ranged Weapons | 1 3 |  3.8

Action                     |  1- 3 |  4- 6 |  7- 9 | 10-12 | 13-15 || total
---------------------------+-------+-------+-------+-------+-------++-------
  Melee: Long sword        |   101 |    33 |       |       |       ||   134
         Headbutt          |     8 |    15 |    35 |   110 |     8 ||   176
         Unarmed           |     6 |       |       |       |       ||     6
         Hand axe          |       |   102 |       |       |       ||   102
         Flail             |       |       |   243 |   561 |    21 ||   825
         Punch             |       |       |       |       |     2 ||     2
   Fire: Arbalest          |       |       |       |     3 |       ||     3
         Shortbow          |       |       |       |    26 |       ||    26
  Throw: Dart              |       |     4 |    16 |    18 |       ||    38
    Use: Scroll            |       |     4 |     8 |    13 |       ||    25
         Potion            |       |     2 |     9 |     8 |       ||    19
   Stab: Distracted        |       |       |     1 |     2 |       ||     3
         Invisible         |       |       |       |     1 |       ||     1
 Armour: Scale mail        |    18 |       |       |       |       ||    18
         Chain mail        |    35 |    66 |   211 |       |       ||   312
         Plate armour      |       |       |   107 |    49 |       ||   156
         Crystal plate arm |       |       |       |   331 |    24 ||   355
         Skin              |       |       |       |    17 |       ||    17
  Dodge: Dodged            |    59 |    64 |   199 |   275 |    15 ||   612
  Block: Buckler           |    20 |    32 |    47 |       |       ||    99
         Tower shield      |       |       |   222 |   723 |       ||   945
         Reflection        |       |       |       |    10 |     1 ||    11
         Other             |       |       |       |    25 |     6 ||    31
